 Dungeon Crawl Stone Soup version 0.28-a0-773-g130ae17fe5 (webtiles) character file.

Game seed: 8495129555581112006

27 spiderkeys the Ducker (level 2, -15/16 HPs)
             Began as a Spriggan Abyssal Knight on Nov 2, 2021.
             Was a Follower of Lugonu.
             Demolished by a large abomination (16 damage)
             ... on level 4 of the Abyss.
             The game lasted 00:02:15 (311 turns).

spiderkeys the Ducker (Spriggan Abyssal Knight)      Turns: 311, Time: 00:02:15

Health: -15/16     AC:  2    Str:  5    XL:     2   Next: 93%
Magic:  4/4        EV: 18    Int: 11    God:    Lugonu [*.....]
Gold:   118        SH:  0    Dex: 15    Spells: 1/1 levels left

rFire   . . .      SeeInvis +   b - +2 hunting sling (vorpal)
rCold   . . .      Faith    .   (shield restricted)
rNeg    . . .      Spirit   .   c - +0 robe
rPois   .          Reflect  .   (helmet restricted)
rElec   .          Harm     .   (no cloak)
rCorr   .          Rampage  .   (gloves unavailable)
Will    .....                   (boots unavailable)
Stlth   ++........              (no amulet)
HPRegen 0.05/turn               (no ring)
MPRegen 0.09/turn               (no ring)

@: very quick
A: very small, no large weapons, unfitting armour, see invisible, speed 3, [weak
2]
a: Renounce Religion, Depart the Abyss


You were on level 4 of the Abyss.
You worshipped Lugonu.
Lugonu was aware of your devotion.
You visited 0 branches of the dungeon, and saw 0 of its levels.
You visited the Abyss 1 time.

You collected 118 gold pieces.


Innate Abilities, Weirdness & Mutations

You are very small and have problems with some larger weapons.
You are too small for most types of armour.
You have supernaturally acute eyesight. (SInv)
You cover ground extremely quickly. (Speed+++)
[You are very weak. (Str -4)]


   Skills:
 + Level 2.6 Fighting
 + Level 2.5 Short Blades
 + Level 3.6 Dodging
 + Level 1.6 Stealth
 + Level 2.1 Invocations


You had one spell level left.
You didn't know any spells.
Your spell library was empty.

Inventory:

Hand Weapons
 a - a +1 short sword
 b - a +2 vorpal hunting sling (weapon)
   (You found it on level 1 of the Abyss)
Missiles
 d - 15 stones (quivered ammo)
Armour
 c - a +0 robe (worn)
Magical Staves
 e - a staff of death {!a}
   (You found it on level 2 of the Abyss)

Dungeon Overview and Level Annotations

Branches:
Dungeon (0/15)

Altars:

.... . #.. .
.. # ... ..
.. #.... ...
##. .#.#
.... #.(.
..##..##
#.((#......#
#X@.#
#....#$.#
.....#. ..#
.... .. .##
#.. #.. ..
.. ... .. .
#... ...
.... ...


You could see a large abomination.


Message History

The ynoxinul bellows!
The stone hits the ynoxinul.
You hear a shout!
A thrashing horror comes into view.
An ufetubus comes into view.
A lich comes into view.
A wretched star comes into view.
The wretched star pulses with an eldritch light!
You feel weaker. x2
You hear a grinding noise.
A cacodemon comes into view.
Found a gateway leading out of the Abyss.
The cacodemon shouts!
You hear a hideous shriek!
You hear a shout!
The thrashing horror tramples you.
* * * LOW HITPOINT WARNING * * *
You hold your ground!
The thrashing horror tramples you.
* * * LOW HITPOINT WARNING * * *
You hold your ground! 😨 HP[-7]
You take 7 damage, and now have 5/16 hp.
MASSIVE DAMAGE!! (PAUSE)
The thrashing horror roars!
Found a gateway leading deeper into the Abyss.
The thrashing horror misses you. The thrashing horror tramples you.
* * * LOW HITPOINT WARNING * * *
You stumble backwards! 😱 HP[-2]
You take 2 damage, and now have 3/16 hp.
The thrashing horror closely misses you.
The thrashing horror misses you.
A small abomination comes into view.
There is a gateway leading deeper into the Abyss here.
The thrashing horror closely misses you. x2
You hear a grinding noise.
The thrashing horror completely misses you.
The thrashing horror misses you.
You plunge deeper into the Abyss.
The abyssal rune of Zot can be found at this depth.
You aren't carrying any scrolls.
Unknown command.
It was a potion of lignification.
You turn into a tree.
Your +0 robe melds into your body.
Your roots penetrate the ground. 😱 HP[+2]
You now have 24 max hp (+8).
You regained 2 hp, and now have 5/24 hp. 😱 HP[+1]
A large abomination comes into view.
Your transformation is almost over. 😨 HP[+1] Fire: 23 stones
Press: ? - help, Q - select action, (/) - cycle Shift-Dir - straight line, f - large abomination
Aim: a large abomination (wandering, hasn't noticed you, 76% to hit)
You shoot a stone. The stone hits the large abomination.
Fire: 22 stones
Press: ? - help, Q - select action, (/) - cycle Shift-Dir - straight line, f/p - large abomination
Aim: a large abomination (lightly damaged, 76% to hit)
You shoot a stone. The stone hits the large abomination.
Fire: 21 stones
Press: ? - help, Q - select action, (/) - cycle Shift-Dir - straight line, f/p - large abomination
Aim: a large abomination (lightly damaged, 76% to hit)
You shoot a stone.
The stone hits the large abomination but does no damage.
Fire: 20 stones
Press: ? - help, Q - select action, (/) - cycle Shift-Dir - straight line, f/p - large abomination
Aim: a large abomination (lightly damaged, 76% to hit)
You shoot a stone. The stone hits the large abomination.
The large abomination hits you.
* * * LOW HITPOINT WARNING * * *
😱 HP[-4]
You take 4 damage, and now have 3/24 hp.
Fire: 19 stones
Press: ? - help, Q - select action, (/) - cycle Shift-Dir - straight line, f/p - large abomination
Aim: a large abomination (lightly damaged, 76% to hit)
You shoot a stone.
The stone hits the large abomination but does no damage.
The large abomination barely misses you.
Fire: 18 stones
Press: ? - help, Q - select action, (/) - cycle Shift-Dir - straight line, f/p - large abomination
Aim: a large abomination (lightly damaged, 76% to hit)
You shoot a stone.
The stone hits the large abomination but does no damage.
The large abomination hits you but does no damage.
The large abomination hits you.
* * * LOW HITPOINT WARNING * * *
😱 HP[-2]
You take 2 damage, and now have 1/24 hp.
Fire: 17 stones
Press: ? - help, Q - select action, (/) - cycle Shift-Dir - straight line, f/p - large abomination
Aim: a large abomination (lightly damaged, 76% to hit)
You shoot a stone.
The stone hits the large abomination but does no damage.
The large abomination barely misses you.
Fire: 16 stones
Press: ? - help, Q - select action, (/) - cycle Shift-Dir - straight line, f/p - large abomination
Aim: a large abomination (lightly damaged, 76% to hit)
You shoot a stone.
The stone hits the large abomination but does no damage.
You feel less wooden.
Your +0 robe unmelds from your body.
The large abomination hits you!
Ouch! That really hurt!
You die...

Skill      XL: |  1 |
---------------+----+-----
Stealth        | 1 |  1.6
Invocations    | 2 |  2.1
Fighting       | |  2.6
Short Blades   | |  2.5
Dodging        | |  3.6

Action                   || total
-------------------------++-------
 Fire: Hunting sling     ||    16
  Use: Potion            ||     1
Armor: Robe              ||     1
       Skin              ||     1
Dodge: Dodged            ||     9

Levels and vault maps discovered:
Abyss:4:  base: Temple, doesnt_abyss_rune_brain_food

Notes
Turn   | Place    | Note
-------+----------+-------------------------------------------
     0 | Abyss:1  | spiderkeys the Spriggan Abyssal Knight began the quest for
                  | the Orb.
     0 | Abyss:1  | Reached XP level 1. HP: 11/11 MP: 3/3
     0 | Abyss:1  | magus.rc [v1.9.10]
     4 | Abyss:1  | Found a corrupted altar of Lugonu.
    94 | Abyss:2  | Noticed an iron imp
   102 | Abyss:2  | Killed an iron imp
   103 | Abyss:2  | Reached skill level 1 in Stealth
   103 | Abyss:2  | Reached skill level 2 in Invocations
   103 | Abyss:2  | Reached XP level 2. HP: 16/16 MP: 4/4
   123 | Abyss:2  | Noticed a starcursed mass
   131 | Abyss:2  | Noticed a starcursed mass
   140 | Abyss:2  | Noticed a starcursed mass
   145 | Abyss:3  | Found a corrupted altar of Lugonu.
   171 | Abyss:3  | Noticed a worldbinder
   176 | Abyss:3  | Noticed an orange demon
   221 | Abyss:3  | Noticed a spatial vortex
   225 | Abyss:3  | Noticed a spatial maelstrom
   266 | Abyss:3  | Noticed a ynoxinul
   267 | Abyss:3  | Noticed a thrashing horror
   267 | Abyss:3  | Noticed a lich
   270 | Abyss:3  | Noticed a wretched star
   273 | Abyss:3  | Noticed a cacodemon
   277 | Abyss:3  | HP: 3/16 [thrashing horror (2)]
   299 | Abyss:4  | Noticed a large abomination
   307 | Abyss:4  | HP: 3/24 [large abomination (4)]
   309 | Abyss:4  | HP: 1/24 [large abomination (2)]
   311 | Abyss:4  | Demolished by a large abomination

Vanquished Creatures
  An iron imp (Abyss:2)
1 creature vanquished.

Table legend:
 A = Non-vault XP
 B = Vault XP
 C = Vault XP percentage of total XP
 D = Non-vault monster count
 E = Vault monster count
 F = Vault count percentage of total count
                 A         B        C        D         E       F
            +---------+---------+-------+---------+---------+-------
      Total |      39 |       0 |   0.0 |       1 |       0 |   0.0
            +---------+---------+-------+---------+---------+-------
    Abyss:2 |      39 |       0 |   0.0 |       1 |       0 |   0.0
            +---------+---------+-------+---------+---------+-------

Illustrated notes

Table legend:
 A = Kills in this place as a percentage of kills in entire the game.
 B = Kills by you in this place as a percentage of kills by you in the entire game.
 C = Kills by friends in this place as a percentage of kills by friends in the entire game.
 D = Other kills in this place as a percentage of other kills in the entire game.
 E = Experience gained in this place as a percentage of experience gained in the entire game.
 F = Experience gained in this place divided by the number of levels of this place that you have seen.
                   A       B       C       D       E      F
               +-------+-------+-------+-------+-------+----------------------
         Total | 100.0 | 100.0 |   N/A |   N/A | 100.0 |   9.8
         Abyss | 100.0 | 100.0 |   N/A |   N/A | 100.0 |   9.8
               +-------+-------+-------+-------+-------+----------------------

Table legend: (Time is in decaauts)
 A = Elapsed time spent in this place.
 B = Non-inter-level travel time spent in this place.
 C = Inter-level travel time spent in this place.
 D = Time resting spent in this place.
 E = Time spent auto-exploring this place.
 F = Levels seen in this place.
 G = Mean time per level.
                   A        B        C        D        E       F      G
               +--------+--------+--------+--------+--------+-----+--------+
         Total |    209 |    209 |      0 |      0 |      2 |   4 |   52.2 |
         Abyss |    209 |    209 |      0 |      0 |      2 |   4 |   52.2 |
               +--------+--------+--------+--------+--------+-----+--------+

Top non-repeatable levels by time:
 Abyss:3: 85 daAuts
 Abyss:2: 73 daAuts
 Abyss:4: 29 daAuts
 Abyss:1: 22 daAuts
